 Dungeon Crawl Stone Soup version 0.28-b1-1-g3c77fb2ed1 (webtiles) character file.

Game seed: 3144328714057705983

212 4FPSwarrior the Ruffian (level 5, 0/40 HPs)
             Began as a Draconian Transmuter on Jan 29, 2022.
             Slain by Sigmund (7 damage)
             ... on level 4 of the Dungeon.
             The game lasted 00:09:02 (3685 turns).

4FPSwarrior the Ruffian (Draconian Transmuter)      Turns: 3685, Time: 00:09:03

Health: 0/40       AC:  5    Str: 12 (14) XL:     5   Next: 58%
Magic:  8/8        EV: 12    Int: 11 (13) God:
Gold:   97         SH:  0    Dex:  9 (12) Spells: 5/8 levels left

rFire   . . .      SeeInvis .     - Unarmed
rCold   . . .      Faith    .   (no shield)
rNeg    + . .      Spirit   .   (armour unavailable)
rPois   .          Reflect  .   (helmet restricted)
rElec   .          Harm     .   (no cloak)
rCorr   .          Rampage  .   (no gloves)
Will    .....                   (no boots)
Stlth   +.........              a - amulet of regeneration
HPRegen 0.93/turn               q - ring of positive energy
MPRegen 0.11/turn               n - ring of flight

@: mighty, brilliant, wereblooded, flying
A: AC +5, unfitting armour, cold-blooded
a: no special abilities


You were on level 4 of the Dungeon.
You visited 1 branch of the dungeon, and saw 4 of its levels.

You collected 111 gold pieces.
You spent 14 gold pieces at shops.

Inventory:

Missiles
 u - a throwing net
Jewellery
 a - an amulet of regeneration (around neck)
 k - a ring of fire
 n - a ring of flight (right hand)
 q - a ring of positive energy (left hand)
Wands
 s - a wand of charming (13)
Scrolls
 b - 4 scrolls of teleportation
 d - a scroll of fear {unknown}
 j - 2 scrolls of silence {unknown}
 o - a scroll of enchant weapon {unknown}
 p - a scroll of enchant armour {unknown}
 t - 2 scrolls of immolation {unknown}
Potions
 e - a potion of curing
 f - 2 potions of attraction
 i - a potion of cancellation {unknown}
 l - a potion of lignification {unknown}
 m - a potion of mutation {unknown}
 r - a potion of haste {unknown}
 v - a potion of heal wounds {unknown}
 w - a potion of degeneration


   Skills:
 + Level 1.5 Fighting
 - Level 1.7 Dodging
 + Level 5.4 Unarmed Combat
 - Level 2.0 Spellcasting
 + Level 3.6 Transmutations


You had 5 spell levels left.
You knew the following spells:

 Your Spells              Type           Power      Damage    Failure   Level
a - Beastly Appendage     Tmut           26%        N/A       6%          1
b - Wereblood             Tmut           13%        N/A       10%         2

Your spell library contained the following spells:

 Spells                   Type           Power      Damage    Failure   Level
 Magic Dart               Conj           4%         1d3       28%         1
 Shock                    Conj/Air       4%         1d3       28%         1
 Spider Form              Tmut/Pois      7%         N/A       38%         3
 Searing Ray              Conj           2%         2d4       41%         2
 Ice Form                 Ice/Tmut       7%         N/A       80%         4
 Fulminant Prism          Conj/Hex       0%         3d6       96%         4


Dungeon Overview and Level Annotations

Branches:
Dungeon (4/15)
 Temple: D:4-7

Altars:
Ashenzari
Cheibriados
Sif Muna
Wu Jian

Shops:
D:2 [*?[

Annotations:
D:4 Sigmund


Innate Abilities, Weirdness & Mutations

Your plain brown scales are hard. (AC +5)
You cannot fit into any form of body armour.
You are cold-blooded and may be slowed by cold attacks.


Message History

Sigmund is moderately wounded.
Sigmund hits you with a +0 scythe!
You are too injured to fight recklessly!
You are too injured to fight recklessly!
It was a potion of degeneration.
There was something very wrong with that liquid.
You feel weakened.
You feel dopey.
You feel clumsy. Sigmund closely misses you.
It was a potion of brilliance.
You feel clever all of a sudden.
Your transformation is almost over.
You hit Sigmund but do no damage. Your kick misses Sigmund.
You headbutt Sigmund.
Sigmund is moderately wounded.
Sigmund closely misses you.
You hit Sigmund. Your kick misses Sigmund. Your headbutt misses Sigmund.
Sigmund is moderately wounded.
Sigmund closely misses you.
You hit Sigmund but do no damage. You claw Sigmund.
Your headbutt misses Sigmund.
Sigmund is heavily wounded.
You closely miss Sigmund. Your headbutt misses Sigmund.
Sigmund is heavily wounded.
Sigmund hits you with a +0 scythe!
It was a potion of flight.
You feel more buoyant.
You hit Sigmund. You claw Sigmund!
Your tail-slap misses Sigmund.
Sigmund is severely wounded.
Sigmund gestures at you while chanting.
You are confused.
You feel better. Sigmund hits you with a +0 scythe!
You closely miss Sigmund. Your headbutt misses Sigmund.
Sigmund is severely wounded.
Sigmund hits you with a +0 scythe!
* * * LOW HITPOINT WARNING * * *
It was a potion of magic.
Magic courses through your body.
Your horns disappear.
Your talons disappear.
It was a potion of might.
You feel very mighty all of a sudden. Sigmund hits you with a +0 scythe!
You die...

###.# #.# #.# #.# #.# ######
#.# #.# #.....# #.#
######.###.# #.# #.#
)..........# ##.## ####.#
######.##..#
#...##########...[. #.##..#
#@#..............## #.##..#
#.@.########.###.# #.##..#
##### #.# #.# #.##..#######
#.###.# #...........#
#.....##
###########.###########.....
#..........†.....#
##################


You could see Sigmund.

Vanquished Creatures
  A howler monkey (D:4)
  A hound (D:4)
  An orc wizard (D:3)
  A gnoll (D:3)
  2 adders (D:2)
  An adder skeleton (D:4)
  A worm (D:2)
  4 dart slugs
  7 orcs
  13 ball pythons
  A bat (D:2)
  4 endoplasms
  3 giant cockroaches
  3 goblins
  7 hobgoblins
  7 quokkas
  A frilled lizard (D:1)
  9 kobolds
  3 rats
70 creatures vanquished.

Notes
Turn   | Place    | Note
-------+----------+-------------------------------------------
     0 | D:1      | 4FPSwarrior the Draconian Transmuter began the quest for
                  | the Orb.
     0 | D:1      | Reached XP level 1. HP: 16/16 MP: 3/3
    27 | D:1      | You fall into a shaft and drop 1 floor!
    27 | D:2      | Found Liowub's Assorted Antiques.
   100 | D:1      | Reached XP level 2. HP: 23/23 MP: 3/5
   716 | D:1      | Reached skill level 4 in Unarmed Combat
   765 | D:1      | Found a faded altar of an unknown god.
   773 | D:1      | Got Plato's Papyrus of Lightness
   933 | D:1      | Reached XP level 3. HP: 25/28 MP: 4/6
  1358 | D:2      | Found a snail-covered altar of Cheibriados.
  1647 | D:2      | Found Juvij's Antique Armour Shoppe.
  1763 | D:2      | Bought a golden potion for 14 gold pieces
  1812 | D:2      | Learned a level 2 spell: Wereblood
  1848 | D:2      | Found Modeef's Magic Scroll Emporium.
  1949 | D:2      | Found Tueg Pufat's Antique Armour Shop.
  1984 | D:2      | Reached XP level 4. HP: 35/35 MP: 5/7
  2314 | D:3      | Found an ornate altar of the Wu Jian Council.
  2702 | D:3      | Found a shimmering blue altar of Sif Muna.
  2859 | D:3      | Found a snail-covered altar of Cheibriados.
  3014 | D:4      | Noticed an ogre
  3055 | D:4      | Found a broken altar of Ashenzari.
  3181 | D:4      | Reached XP level 5. HP: 40/40 MP: 5/8
  3183 | D:4      | Reached skill level 5 in Unarmed Combat
  3668 | D:4      | Noticed Sigmund
  3685 | D:4      | Slain by Sigmund

Illustrated notes

Levels and vault maps discovered:
D:1:      evilmike_arrival_rings, layout_loops_corners,
          shapermc_ecumenical_altar_rom_forum, bh_walls_and_bars
D:2:      layout_rooms, serial_shops, nicolae_shop_trees, nicolae_shop_trees,
          nicolae_diamond_shop, nicolae_shop_trees, basic_altar
D:3:      layout_loops_ring, mainiacjoe_overflow_boulevard, cheibriados_altar_1,
          nicolae_sif_muna_little_library, minmay_pentangle
D:4:      layout_loops_ring, mainiacjoe_overflow_concentric_impassable,
          uniq_sigmund

Skill      XL: |  1  2  3  4  5 |
---------------+----------------+-----
Unarmed Combat | 4 5 |  5.4
Transmutations | 3 |  3.6
Fighting       | |  1.5
Dodging        | |  1.7
Spellcasting   | |  2.0

Action                   |  1- 3 |  4- 6 || total
-------------------------+-------+-------++-------
Melee: Unarmed           |   102 |    93 ||   195
       Kick              |    17 |    19 ||    36
       Tailslap          |     7 |    12 ||    19
       Headbutt          |    13 |     9 ||    22
       Punch             |       |     5 ||     5
 Cast: Beastly Appendage |    32 |    17 ||    49
       Wereblood         |       |     4 ||     4
  Use: Scroll            |       |     3 ||     3
       Potion            |       |     6 ||     6
Armor: Skin              |    31 |    27 ||    58
Dodge: Dodged            |    60 |    47 ||   107
